 Dungeon Crawl Stone Soup version 0.26-a0-712-ga5a9c9c9d0 (webtiles) character file.

Game seed: 7178703767204595688

66 Lanoc the Ducker (level 4, -4/29 HPs)
             Began as a Halfling Transmuter on Nov 12, 2020.
             Slain by an orc priest
             ... wielding a +0 dagger
              (6 damage)
             ... on level 2 of the Dungeon.
             The game lasted 00:02:38 (2333 turns).

Lanoc the Ducker (Halfling Transmuter)              Turns: 2333, Time: 00:02:39

Health: -4/29      AC:  2    Str: 11    XL:     4   Next: 37%
Magic:  6/6        EV: 16    Int: 11    God:
Gold:   54         SH:  0    Dex: 15    Spells: 5/6 levels left

rFire    . . .     SeeInvis .   a - +0 hunting sling
rCold    + . .     Faith    .   (shield restricted)
rNeg     . . .     Spirit   .   n - +0 robe
rPois    .         Reflect  .   (no helmet)
rElec    .         Harm     .   (no cloak)
rCorr    .         Rampage  .   (no gloves)
MR       .....                  (no boots)
Stlth    +.........             i - amulet of the acrobat
HPRegen  0.09/turn              l - ring of protection from cold
MPRegen  0.10/turn              (no ring)

@: no status effects
A: small, mutation resistance 1
a: no special abilities


You were on level 2 of the Dungeon.
You visited 1 branch of the dungeon, and saw 3 of its levels.

You collected 54 gold pieces.

Inventory:

Hand Weapons
 a - a +0 hunting sling (weapon)
Missiles
 o - 46 sling bullets
 p - 14 stones (quivered)
Armour
 n - a +0 robe (worn)
Jewellery
 i - an amulet of the acrobat (around neck)
 l - a ring of protection from cold (left hand)
Scrolls
 b - a scroll of teleportation {unknown}
 c - 2 scrolls of blinking {unknown}
 d - 2 scrolls of identify {unknown}
 e - a scroll of remove curse {unknown}
 f - a scroll of enchant weapon {unknown}
 h - 2 scrolls of amnesia {unknown}
 k - a scroll of enchant armour {unknown}
 q - a scroll of fog {unknown}
Potions
 g - a potion of heal wounds
 j - a potion of ambrosia {unknown}
 m - 3 potions of degeneration {unknown}
 r - a potion of mutation {unknown}


   Skills:
 + Level 2.2 Fighting
 * Level 1.9 Slings
 + Level 3.5 Dodging
 - Level 2.4 Unarmed Combat
 - Level 1.5 Spellcasting
 - Level 1.2 Transmutations


You had 5 spell levels left.
You knew the following spells:

 Your Spells              Type           Power        Failure   Level
a - Beastly Appendage     Tmut           #.....       19%         1

Your spell library contained the following spells:

 Spells                   Type           Power        Failure   Level
 Wereblood                Tmut           #.......     28%         2
 Spider Form              Tmut/Pois      #.........   56%         3
 Ice Form                 Ice/Tmut       #.......     93%         4
 Blade Hands              Tmut           #.........   99%         5


Dungeon Overview and Level Annotations

Branches:
Dungeon (3/15)

Altars:
Okawaru


Innate Abilities, Weirdness & Mutations

You are small and have problems with some larger weapons.
You are somewhat resistant to further mutation.


Message History

The orc priest is severely wounded.
The orc priest closely misses you. The orc closely misses you.
You shoot a stone.
The stone closely misses the orc priest.
The orc priest mumbles some strange prayers to Beogh against you.
Beogh smites you!
Ouch! That really hurt!
* * * LOW HITPOINT WARNING * * *
The orc misses you.
You are too injured to fight recklessly!
You are too injured to fight recklessly!
Firing (i - inventory. (/) - cycle)
p - 15 stones (quivered)
Press: ? - help, Shift-Dir - straight line, f/p - orc priest
Aim: an orc priest, wielding a +0 dagger (severely wounded)
You shoot a stone. The stone barely misses the orc priest.
The orc priest hits you with a +0 dagger.
* * * LOW HITPOINT WARNING * * *
The orc misses you.
The orc priest hits you with a +0 dagger.
You die...

## #.....#######.#
.# #.....# #.#
.#####.....# #.#
...........# #.#
######....## #.#
..........# #.#
#######'###### #.#
#######......#####.#
.........(...'(o@#.#
#######......###o#.#
# #..........# #.#.#
# #.<......### #.#.#
# #........# #.#.# #
#........# #.#.# #
#........# #.#.# #
#....)...# #.#.# #
#........# #.#.#


You could see an orc priest and an orc.

Vanquished Creatures
  4 adders (D:2)
  A worm (D:2)
  A ball python (D:2)
  3 goblins
  5 hobgoblins
  3 jackals (D:1)
  3 kobolds
  6 bats
  A rat (D:1)
27 creatures vanquished.

Notes
Turn   | Place    | Note
-------+----------+-------------------------------------------
     0 | D:1      | Lanoc the Halfling Transmuter began the quest for the Orb.
     0 | D:1      | Reached XP level 1. HP: 12/12 MP: 3/3
    82 | D:1      | Reached skill level 1 in Fighting
   266 | D:1      | Reached XP level 2. HP: 18/18 MP: 2/4
  1095 | D:2      | Found an iron altar of Okawaru.
  1107 | D:2      | Reached skill level 3 in Dodging
  1107 | D:2      | Reached XP level 3. HP: 23/24 MP: 3/5
  1806 | D:2      | Reached skill level 1 in Slings
  1858 | D:2      | Reached XP level 4. HP: 29/29 MP: 6/6
  2333 | D:2      | Slain by an orc priest

Illustrated notes

Levels and vault maps discovered:
D:1:      dpeg_arrival_tiny_c, layout_loops_corners
D:2:      layout_basic, okawaru_trees_1
D:3:      layout_loops_cross, nicolae_overflow_crystal_walls

Skill      XL: |  1  2  3 |
---------------+----------+-----
Fighting       | 1 2 |  2.2
Dodging        | 3 |  3.5
Slings         | 1 |  1.9
Unarmed Combat | |  2.4
Spellcasting   | |  1.5
Transmutations | |  1.2

Action                   |  1- 3 |  4- 6 || total
-------------------------+-------+-------++-------
Melee: Unarmed           |    47 |       ||    47
       Headbutt          |     6 |       ||     6
       Kick              |     5 |       ||     5
 Fire: Hunting sling     |    26 |    31 ||    57
 Cast: Beastly Appendage |    13 |       ||    13
 Stab: Sleeping          |     1 |       ||     1
Armor: Robe              |     5 |     2 ||     7
Dodge: Dodged            |    57 |    14 ||    71

Table legend: (Time is in decaauts)
 A = Elapsed time spent in this place.
 B = Non-inter-level travel time spent in this place.
 C = Inter-level travel time spent in this place.
 D = Time resting spent in this place.
 E = Time spent auto-exploring this place.
 F = Levels seen in this place.
 G = Mean time per level.
                   A        B        C        D        E       F      G
               +--------+--------+--------+--------+--------+-----+--------+
         Total |   2338 |   2118 |    220 |      0 |   1881 |   3 |  779.3 |
       Dungeon |   2338 |   2118 |    220 |      0 |   1881 |   3 |  779.3 |
               +--------+--------+--------+--------+--------+-----+--------+

Top non-repeatable levels by time:
     D:1: 1230 daAuts
     D:2: 1103 daAuts
     D:3: 5 daAuts
